 Dungeon Crawl Stone Soup version 0.19-a0-805-g0a78ef0 (webtiles) character file.

48 Etesian the Skirmisher (level 3, 33/33 HPs)
             Began as a Hill Orc Fighter on June 27, 2016.
             Quit the game on level 2 of the Dungeon.
             The game lasted 00:01:58 (1393 turns).

Etesian the Skirmisher (Hill Orc Fighter)           Turns: 1393, Time: 00:01:59

Health: 33/33      AC: 11    Str: 18    XL:     3   Next: 72%
Magic:  3/3        EV:  3    Int:  8    God:
Gold:   68         SH:  9    Dex: 11    Spells: 0 memorised, 2 levels left

rFire  . . .     SeeInvis .     a - +0 war axe
rCold  . . .     Gourm    .     i - +0 plate armour
rNeg   . . .     Faith    .     c - +0 shield
rPois  .         Spirit   .     (no helmet)
rElec  .         Dismiss  .     (no cloak)
rCorr  .         Reflect  .     (no gloves)
SustAt .         Harm     .     (no boots)
MR     .....                    (no amulet)
Stlth  ..........               (no ring)
                                (no ring)

@: not resistant to hostile enchantments, extremely unstealthy
A: deterioration 2, wild magic 1
a: no special abilities


You were on level 2 of the Dungeon.
You were hungry.

You visited 1 branch of the dungeon, and saw 2 of its levels.

You collected 68 gold pieces.

Inventory:

Hand Weapons
 a - a +0 war axe (weapon)
Armour
 c - a +0 shield (worn)
 i - a +0 plate armour (worn)
Scrolls
 b - a scroll of immolation {unknown}
 g - a scroll of noise {unknown}
 h - a scroll of identify
 j - a scroll of random uselessness {unknown}
 k - a scroll of remove curse {unknown}
Potions
 d - 2 potions of might
 e - a potion of haste
 l - 2 potions of curing
Comestibles
 f - 2 bread rations
 n - 3 slices of pizza


   Skills:
 + Level 4.2 Fighting
 * Level 3.9 Axes
 + Level 3.8 Armour
 + Level 3.4 Shields


You had 2 spell levels left.
You didn't know any spells.

Dungeon Overview and Level Annotations

Branches:
Dungeon (2/15)

Altars:


Innate Abilities, Weirdness & Mutations

Your body often deteriorates upon taking damage.
Your spells are a little harder to cast, but a little more powerful.


Message History

You are feeling hungry.
You regained 24 hp, and now have 32/33 hp.
HP restored.
b - a scroll labeled NODUSO UZERPH Key pressed, stopping explore.
As you read the scroll labeled QUNUST SOILUJ, it crumbles to dust.
It is a scroll of identify.
e - a potion of haste Health restored: 33
As you read the scroll of identify, it crumbles to dust.
l - 2 potions of curing
As you read the scroll of identify, it crumbles to dust.
m - a potion of mutation
Okay, then.
You feel extremely strange.
You feel yourself wasting away.
You feel less in control of your magic.
You feel your body start to fall apart.
Are you sure you want to abandon this character and quit the game? (Confirm with "yes".)
Okay, then.
Are you sure you want to abandon this character and quit the game? (Confirm with "yes".)

###########
########.........#
.........#######.#
#.###.#### #.# #.#
#.# #.# #.# #.#
#@# #.# #.# #.#
#.# #.# ..# #.#
#.# .### #.# #.#
.# #.###.##### #.
..........# #
..#######.#
#.#######.##


There were no monsters in sight!

Vanquished Creatures
  An adder (D:2)
  3 worms (D:2)
  A dart slug (D:1)
  2 giant geckos (D:1)
  2 bats (D:1)
  5 giant cockroaches (D:1)
  4 goblins
  2 hobgoblins (D:1)
  A kobold (D:1)
  2 giant newts (D:1)
  2 rats (D:1)
25 creatures vanquished.

Vanquished Creatures (others)
  5 toadstools (D:1)
5 creatures vanquished.

Grand Total: 30 creatures vanquished

Notes
Turn   | Place    | Note
--------------------------------------------------------------
     0 | D:1      | Etesian the Hill Orc Fighter began the quest for the Orb.
     0 | D:1      | Reached XP level 1. HP: 19/19 MP: 1/1
   128 | D:1      | Reached XP level 2. HP: 27/27 MP: 2/2
   880 | D:1      | Reached skill level 4 in Fighting
   948 | D:1      | Reached XP level 3. HP: 31/33 MP: 3/3
  1392 | D:2      | Gained mutation: Your body sometimes deteriorates upon taking damage. [potion of mutation]
  1392 | D:2      | Gained mutation: Your spells are a little harder to cast, but a little more powerful. [potion of mutation]
  1392 | D:2      | Gained mutation: Your body often deteriorates upon taking damage. [potion of mutation]
  1393 | D:2      | Quit the game

Vault maps used:
D:1:      ldierk_walled_garden, kennysheep_minor_cross,
          minmay_misc_feat_four_crosses
D:2:      nicolae_gozag_zags_fifth_avenue, first_bread, glass_columns_c

Skill      XL: |  1  2 |
---------------+-------+-----
Axes           | 3 |  3.9
Fighting       | 4 |  4.2
Armour         | |  3.8
Shields        | |  3.4

Action                   || total
-------------------------++-------
Melee: War axe           ||    83
  Use: Scroll            ||     3
       Potion            ||     1
  Eat: Chunk             ||     1
Armor: Scale mail        ||    15
       Chain mail        ||     9
       Plate armour      ||    19
Dodge: Dodged            ||    15
Block: Shield            ||    36
